 Dungeon Crawl Stone Soup version 0.28-a0-1387-g3a22ab9bdc (webtiles) character file.

Game seed: 13918728459352406691

202 Cheeritup the Chopper (level 5, -8/44 HPs)
             Began as a Palentonga Warper on Jan 2, 2022.
             Mangled by an orc warrior (14 damage)
             ... on level 3 of the Dungeon.
             The game lasted 00:17:12 (3952 turns).

Cheeritup the Chopper (Palentonga Warper)           Turns: 3952, Time: 00:17:12

Health: -8/44      AC:  5    Str: 15    XL:     5   Next: 50%
Magic:  0/8        EV:  8    Int: 13    God:
Gold:   114        SH:  0    Dex: 11    Spells: 6/8 levels left

rFire   . . .      SeeInvis +   j - +4 hand axe "Gaadweg" {vamp, rElec}
rCold   . . .      Faith    .   (no shield)
rNeg    . . .      Spirit   +   i - +0 ring mail
rPois   .          Reflect  .   (no helmet)
rElec   +          Harm     .   (no cloak)
rCorr   .          Rampage  .   (no gloves)
Will    .....                   (no barding)
Stlth   +.........              h - amulet of guardian spirit
HPRegen 0.14/turn               (no ring)
MPRegen 0.11/turn               (no ring)

@: invisible
A: large, rugged brown scales 3, see invisible, deformed body, roll 1, armoured
tail
a: Rolling Charge


You were on level 3 of the Dungeon.
You visited 1 branch of the dungeon, and saw 4 of its levels.

You collected 114 gold pieces.

Inventory:

Hand Weapons
 a - a +0 hand axe
 j - the +4 hand axe "Gaadweg" (weapon) {vamp, rElec}
   (You found it on level 3 of the Dungeon)

   It occasionally heals its wielder for a portion of the damage dealt when it
   wounds a living foe.
   rElec:     It insulates you from electricity.
Missiles
 d - 5 boomerangs of dispersal
Armour
 e - a +0 scale mail
 i - a +0 ring mail (worn)
 n - a +0 leather armour
Jewellery
 h - an amulet of guardian spirit (around neck)
Wands
 k - a wand of iceblast (6)
Scrolls
 c - a scroll of blinking
 f - a scroll of teleportation
Potions
 b - a potion of might {unknown}
 g - a potion of invisibility
 m - a potion of haste {unknown}


   Skills:
 + Level 4.2 Fighting
 + Level 4.2 Axes
 - Level 0.6 Throwing
 - Level 0.7 Armour
 - Level 1.5 Dodging
 + Level 2.3 Spellcasting
 - Level 3.0 Translocations


You had 6 spell levels left.
You knew the following spells:

 Your Spells              Type           Power      Damage    Failure   Level
a - Blink                 Tloc           18%        N/A       22%         2

Your spell library contained the following spells:

 Spells                   Type           Power      Damage    Failure   Level
 Gell's Gravitas          Tloc           9%         N/A       38%         3
 Lesser Beckoning         Tloc           9%         N/A       38%         3
 Teleport Other           Tloc           9%         N/A       38%         3
 Manifold Assault         Tloc           9%         N/A       98%         5


Dungeon Overview and Level Annotations

Branches:
Dungeon (4/15)
 Temple: D:4-7

Altars:

Shops:
D:2 [

Annotations:
D:4 2 transporters, Iidacon's ghost, amateur MfBe


Innate Abilities, Weirdness & Mutations

You are completely covered in rugged brown scales. (AC +3, +7% HP)
You have supernaturally acute eyesight. (SInv)
Armour fits poorly on your strangely shaped body.
You can roll at nearby foes to attack.
You have a long armoured tail.


Message History

Press: ? - help, v - describe, . - travel, g - get item
Here: an orc warrior, wielding a +0 dire flail and wearing a +0 plate armour
Items here: a +2 vampiric hand axe; 18 stones; an orc corpse.
An escape hatch in the ceiling, spattered with blood.
Press: ? - help, v - describe, . - travel, g - get item
Here: an orc warrior, wielding a +0 dire flail and wearing a +0 plate armour
Items here: a +2 vampiric hand axe; 18 stones; an orc corpse.
An escape hatch in the ceiling, spattered with blood.
Casting: Blink (safe; 22% risk of failure)
Confirm with . or Enter, or press ? or * to list all spells.
You are still too unstable to blink.
You closely miss the orc warrior.
The orc warrior hits you with a +0 dire flail!
You hit the orc warrior.
Your tail-slap misses the orc warrior.
The orc warrior is lightly wounded.
The orc warrior hits you with a +0 dire flail.
You slash the orc warrior!
The orc warrior is heavily wounded.
You feel stable enough to blink again.
The orc warrior hits you with a +0 dire flail!
You completely miss the orc warrior.
The orc warrior is heavily wounded.
The orc warrior hits you with a +0 dire flail!
* * * LOW HITPOINT WARNING * * *
Unknown command.
You fade into invisibility!
The orc warrior barely misses you.
You barely miss the orc warrior.
The orc warrior is heavily wounded.
The orc warrior hits you with a +0 dire flail!
* * * LOW HITPOINT WARNING * * *
There is an escape hatch in the ceiling, spattered with blood here.
Things that are here:
a +2 vampiric hand axe; 18 stones; an orc corpse The orc warrior closely misses you.
A mysterious force pulls you upwards. The hatch slams shut behind you.
The orc warrior shouts!
The orc warrior shouts!
The orc warrior hits you with a +0 dire flail!
You die...

.......#.####†##>#
####.#...# #.##.#
#.......<####.##.#
..............##.#
(....###.###..##.#
.>...# #.###.###.#
.....# #.......#.#
.....# #####.#.#.#
.....#######.#.#@#
...#............o#
#####.######.#..##
### #.# #.#..# ..#
#.# #.#..#
#.###.######.#..#
#.##............#
......########..#
......# #..#


You could see an orc warrior (wandering).

Vanquished Creatures
  2 iguanas
  An orc wizard (D:4)
  5 adders
  5 worms
  2 orcs (D:4)
  7 endoplasms
  4 giant cockroaches
  3 goblins
  9 hobgoblins
  5 jackals
  3 quokkas
  6 ball pythons
  5 bats
  3 frilled lizards (D:1)
  4 kobolds
  3 rats (D:1)
67 creatures vanquished.

Notes
Turn   | Place    | Note
-------+----------+-------------------------------------------
     0 | D:1      | Cheeritup the Palentonga Warper began the quest for the
                  | Orb.
     0 | D:1      | Reached XP level 1. HP: 17/17 MP: 3/3
     0 | D:1      | Noticed a demonspawn
     0 | D:1      | Noticed an elf
     1 | D:1      | Noticed a tengu
     3 | D:1      | Noticed a gargoyle
     3 | D:1      | Noticed a minotaur
     5 | D:1      | Noticed a troll
     6 | D:1      | Noticed a vampire
     7 | D:1      | Noticed an elf
     8 | D:1      | Noticed a draconian
    10 | D:1      | Noticed a tengu
    12 | D:1      | Noticed a vine stalker
    13 | D:1      | Noticed a vine stalker
    14 | D:1      | Noticed a felid
    16 | D:1      | Noticed an elf
    16 | D:1      | Noticed a minotaur
    18 | D:1      | Noticed a dwarf
    18 | D:1      | Noticed a formicid
   307 | D:1      | Reached XP level 2. HP: 24/24 MP: 5/5
   923 | D:2      | Reached XP level 3. HP: 26/29 MP: 4/6
   928 | D:2      | Learned a level 2 spell: Blink
  1230 | D:2      | Found a faded altar of an unknown god.
  1564 | D:2      | Found Echybb's Antique Armour Boutique.
  1619 | D:2      | Reached XP level 4. HP: 29/37 MP: 5/7
  2143 | D:3      | Learned a level 2 spell: Blink
  2271 | D:3      | Identified the +4 hand axe "Gaadweg" {vamp, rElec}
  3137 | D:3      | Reached XP level 5. HP: 44/44 MP: 8/8
  3593 | D:4      | Found a transporter.
  3596 | D:4      | Noticed Iidacon's ghost (amateur MfBe)
  3599 | D:4      | Found a transporter.
  3652 | D:4      | Noticed a two-headed ogre
  3909 | D:4      | Noticed an orc warrior
  3952 | D:3      | Mangled by an orc warrior

Illustrated notes

Levels and vault maps discovered:
D:1:      shiori_arrival_whats_in_store_for_you, layout_loops_ring,
          dk_noncrumbling_2
D:2:      layout_basic, ebering_ecumenical_altar_box, serial_shops, shop
D:3:      layout_loops_ring
D:4:      layout_gridville, gammafunk_ghost_mausoleum, guppyfry_early_orc_mine

Skill      XL: |  1  2  3  4  5 |
---------------+----------------+-----
Fighting       | 3 4 |  4.2
Axes           | 3 4 |  4.2
Throwing       | |  0.6
Armour         | |  0.7
Dodging        | |  1.5
Spellcasting   | |  2.3
Translocations | |  3.0

Action                   |  1- 3 |  4- 6 || total
-------------------------+-------+-------++-------
Melee: Hand axe          |    82 |   101 ||   183
       Tailslap          |    14 |    10 ||    24
 Cast: Blink             |       |     2 ||     2
 Abil: Rolling Charge    |    23 |    14 ||    37
  Use: Scroll            |       |     9 ||     9
       Potion            |       |     2 ||     2
Armor: Scale mail        |    41 |     3 ||    44
       Leather armour    |     1 |       ||     1
       Ring mail         |       |    38 ||    38
Dodge: Dodged            |    24 |    29 ||    53

Table legend: (Time is in decaauts)
 A = Elapsed time spent in this place.
 B = Non-inter-level travel time spent in this place.
 C = Inter-level travel time spent in this place.
 D = Time resting spent in this place.
 E = Time spent auto-exploring this place.
 F = Levels seen in this place.
 G = Mean time per level.
                   A        B        C        D        E       F      G
               +--------+--------+--------+--------+--------+-----+--------+
         Total |   3976 |   3811 |    165 |    831 |   2131 |   4 |  994.0 |
       Dungeon |   3976 |   3811 |    165 |    831 |   2131 |   4 |  994.0 |
               +--------+--------+--------+--------+--------+-----+--------+

Top non-repeatable levels by time:
     D:2: 1342 daAuts
     D:3: 1127 daAuts
     D:1: 888 daAuts
     D:4: 618 daAuts
